 Dungeon Crawl Stone Soup version 0.31-a0-1336-g7fd7ca34b5 (webtiles) character file.

Game seed: 16210918501769549450

910 tilp the Sneak (level 7, -2/52 HPs)
             Began as a Vampire Enchanter on Dec 21, 2023.
             Slain by a mummy (8 damage)
             ... in an ossuary.
             The game lasted 00:08:00 (4235 turns).

tilp the Sneak (Vampire Enchanter)                  Turns: 4235, Time: 00:08:01

Health: -2/52      AC:  8    Str:  7    XL:     7   Next: 81%
Magic:  11/11      EV: 13    Int: 20    God:
Gold:   194        SH:  0    Dex: 14    Spells: 7/12 levels left

rFire   . . .        a - +2 dagger (venom)
rCold   + . .        (no shield)
rNeg    . . .        g - +0 robe
rPois   .            m - +2 helmet
rElec   .            y - +2 cloak
rCorr   .            (no gloves)
SInv    +            (no boots)
Will    .....        (no amulet)
Stlth   +++          q - ring of protection from cold
HPRegen 0.48/turn    (no ring)
MPRegen 0.12/turn

%: no passive effects
@: healing quickly, invisible
A: alive, fangs 3, see invisible, vampiric 2
a: Exsanguinate


You were in an ossuary.
You visited 1 branch of the dungeon, and saw 5 of its levels.
You also visited: Ossuary.

You collected 194 gold pieces.

Inventory:

Hand Weapons
 a - a +2 dagger of venom (weapon)
 b - a +1 dagger
 e - the +0 hand axe of Prudence {flame, rF+}
   (You found it on level 4 of the Dungeon)

   rF+:       It protects you from fire.
 s - a +1 dagger of protection
Missiles
 j - 2 boomerangs
 k - 6 poisoned darts (quivered)
 x - 7 stones
Armour
 g - a +0 robe (worn)
 m - a +2 helmet (worn)
 y - a +2 cloak (worn)
Jewellery
 d - an amulet of faith
 q - a ring of protection from cold (left hand)
 t - a ring of fire
 u - an amulet of guardian spirit
Wands
 l - a wand of flame (48)
 p - a wand of mindburst (2)
 v - a wand of paralysis (11)
Scrolls
 o - a scroll of enchant armour
 w - a scroll of immolation
Potions
 f - 2 potions of magic
 h - a potion of degeneration
 i - a potion of brilliance
 r - 4 potions of lignification


   Skills:
 * Level 3.3 Fighting
 * Level 4.2(4.6) Short Blades
 + Level 2.4(3.5) Long Blades
 + Level 3.7 Dodging
 + Level 6.1 Stealth
 + Level 3.2 Spellcasting
 + Level 5.7 Hexes
 - Level 2.0 Ice Magic
 + Level 1.8 Evocations


You had 7 spell levels left.
You knew the following spells:

 Your Spells              Type           Power      Damage    Failure   Level
a - Ensorcelled Hibernat  Hex/Ice        36%        N/A       4%          2
b - Confusing Touch       Hex            26%        N/A       3%          3

Your spell library contained the following spells:

 Spells                   Type           Power      Damage    Failure   Level
 Tukima's Dance           Hex            26%        N/A       3%          3
 Dazzling Flash           Conj/Hex       28%        N/A       13%         3
 Blink                    Tloc           6%         N/A       22%         2
 Lesser Beckoning         Tloc           6%         N/A       22%         2
 Momentum Strike          Conj/Tloc      6%         3d8       22%         2
 Mephitic Cloud           Conj/Alch/Air  3%         N/A       38%         3
 Silence                  Hex/Air        7%         N/A       75%         5
 Agony                    Necr           3%         N/A       98%         5


Dungeon Overview and Level Annotations

Branches:
Dungeon (5/15)            Ossuary (1/1)
 Temple: D:4-7

Altars:
Fedhas
Okawaru
Qazlal


Innate Abilities, Weirdness & Mutations

Your natural rate of healing is accelerated.
You have razor-sharp teeth.
You have supernaturally acute eyesight. (SInv)
You are afflicted with vampirism and can become a bat while bloodless.


Message History

The mummy is heavily damaged.
The orc zombie misses you. The mummy closely misses you. x2
You hit the mummy. You bite the mummy.
The mummy is heavily damaged.
The mummy barely misses you.
You hit the mummy.
The mummy is heavily damaged.
The orc zombie barely misses you. The mummy hits you. x2
* * * LOW HITPOINT WARNING * * *
Unknown command.
You barely miss the mummy.
The mummy is heavily damaged.
The orc zombie misses you.
You fade into invisibility!
The mummy misses you. The mummy hits you but does no damage.
The mummy closely misses you.
You closely miss the mummy.
The mummy is heavily damaged.
The orc zombie closely misses you. The mummy barely misses you.
Unknown command.
You catch the helpless mummy completely off-guard!
You puncture the mummy! You bite the mummy.
The mummy is almost destroyed.
The orc zombie barely misses you. The mummy closely misses you.
You hit the mummy but do no damage.
The mummy is almost destroyed.
The mummy completely misses you.
You hit the mummy but do no damage.
The mummy is almost destroyed.
The orc zombie misses you. The mummy hits you!
* * * LOW HITPOINT WARNING * * *
The mummy closely misses you.
You catch the helpless mummy completely off-guard!
You puncture the mummy!
You destroy the mummy!
The orc zombie hits you but does no damage.
It was a potion of curing.
You feel better. The mummy hits you!
* * * LOW HITPOINT WARNING * * *
The mummy hits you!
You die...

#....#
#....#
#....#
#...Z#
#....#
#....#
#....#
#.MMZ#
#.Z@.#
######


You could see 2 mummies, a gnoll zombie (wandering, unable to see you), a kobold
zombie (unable to see you) and an orc zombie (unable to see you).

Vanquished Creatures
  4 ogres (D:4)
  2 scorpions (D:4)
  2 hounds (D:4)
  Terence (D:3)
  2 iguanas
  2 orc wizards (D:4)
  2 mummies (Ossuary)
  Robin (D:2)
  7 gnolls
  3 adders
  2 bombardier beetles (D:4)
  A worm (D:3)
  5 dart slugs
  4 orcs (D:4)
  5 bats
  10 endoplasms
  5 giant cockroaches
  19 goblins
  7 hobgoblins
  8 jackals
  7 quokkas
  4 ball pythons
  2 frilled lizards
  A hobgoblin zombie (Ossuary)
  6 kobolds
  A kobold zombie (Ossuary)
  An orc zombie (Ossuary)
  3 rats
117 creatures vanquished.

Notes
Turn   | Place    | Note
-------+----------+-------------------------------------------
     0 | D:1      | tilp the Vampire Enchanter began the quest for the Orb.
     0 | D:1      | Reached XP level 1. HP: 13/13 MP: 3/3
   147 | D:1      | Reached XP level 2. HP: 18/20 MP: 5/5
   320 | D:1      | Learned a level 2 spell: Ensorcelled Hibernation
   479 | D:1      | Reached skill level 1 in Fighting
   639 | D:1      | Gained mutation: You are afflicted with vampirism and can
                  | become a bat while bloodless. [Vampire growth]
   639 | D:1      | Reached XP level 3. HP: 26/26 MP: 6/6
   643 | D:1      | Learned a level 3 spell: Confusing Touch
   897 | D:1      | You fall into a shaft and drop 1 floor!
   901 | D:2      | Found a faded altar of an unknown god.
  1128 | D:2      | Reached skill level 1 in Long Blades
  1159 | D:2      | Noticed Robin
  1171 | D:2      | Reached XP level 4. HP: 25/32 MP: 7/7
  1316 | D:2      | Reached skill level 1 in Ice Magic
  1428 | D:2      | Killed Robin
  2289 | D:3      | Found an iron altar of Okawaru.
  2408 | D:3      | Noticed Terence
  2416 | D:3      | Killed Terence
  2417 | D:3      | Reached XP level 5. HP: 38/38 MP: 8/8
  2537 | D:3      | Reached skill level 5 in Stealth
  2951 | D:4      | Reached skill level 5 in Hexes
  2968 | D:4      | Noticed an ogre
  3032 | D:4      | Killed an ogre
  3033 | D:4      | Reached XP level 6. HP: 44/44 MP: 2/10
  3107 | D:4      | Reached skill level 1 in Evocations
  3225 | D:4      | Reached XP level 7. HP: 51/51 MP: 11/11
  3551 | D:4      | Identified the +0 hand axe of Prudence {flame, rF+}
  3556 | D:4      | Found a blossoming altar of Fedhas.
  3560 | D:4      | Found a stormy altar of Qazlal.
  3668 | D:4      | Reached skill level 6 in Stealth
  4024 | D:5      | Entered Level 5 of the Dungeon
  4167 | D:5      | Found a sand-covered staircase.
  4182 | Ossuary  | Entered an ossuary
  4235 | Ossuary  | Slain by a mummy

Illustrated notes

Levels and vault maps discovered:
D:1:      matt_arrival_refuge, layout_basic
D:2:      wad_woods_settlement, layout_basic, nicolae_ecumenical_pavilion,
          uniq_robin
D:3:      layout_basic, mainiacjoe_overflow_small_starburst,
          chequers_serial_rivers_micro_c, uniq_terence
D:4:      layout_loops_ring, grunt_temple_overflow_forces_of_nature,
          serial_library_regret_index_double_sided
D:5:      layout_loops_ring, lemuel_tele_altar, nicolae_ossuary_entry_plus
Ossuary:  ossuary_tomb_3

Skill      XL: |  1  2  3  4  5  6  7 |
---------------+----------------------+-----
Fighting       | 1 2 3 |  3.3
Long Blades    | 1 2 |  2.4
Short Blades   | 2 3 4 |  4.2
Ice Magic      | 1 2 |  2.0
Stealth        | 5 6 |  6.1
Dodging        | 3 |  3.7
Hexes          | 5 |  5.7
Evocations     | 1 |  1.8
Spellcasting   | 3 |  3.2

Action                     |  1- 3 |  4- 6 |  7- 9 || total
---------------------------+-------+-------+-------++-------
  Melee: Dagger            |   113 |   103 |   100 ||   316
         Bite              |    14 |    14 |    18 ||    46
         Punch             |       |       |     1 ||     1
  Throw: Stone             |       |     3 |       ||     3
   Cast: Ensorcelled Hiber |     6 |    15 |    10 ||    31
    Use: Scroll            |     1 |     7 |     3 ||    11
         Potion            |       |     1 |     2 ||     3
   Stab: Sleeping          |    12 |    18 |    11 ||    41
         Distracted        |       |     1 |       ||     1
         Invisible         |       |       |     2 ||     2
 Armour: Robe              |    52 |    50 |    50 ||   152
  Dodge: Dodged            |    50 |    55 |    93 ||   198

Table legend: (Time is in decaauts)
 A = Elapsed time spent in this place.
 B = Non-inter-level travel time spent in this place.
 C = Inter-level travel time spent in this place.
 D = Time resting spent in this place.
 E = Time spent auto-exploring this place.
 F = Levels seen in this place.
 G = Mean time per level.
                   A        B        C        D        E       F      G
               +--------+--------+--------+--------+--------+-----+--------+
         Total |   4190 |   4025 |    165 |    298 |   2666 |   6 |  698.3 |
       Dungeon |   4145 |   3980 |    165 |    298 |   2665 |   5 |  829.0 |
       Ossuary |     45 |     45 |      0 |      0 |      1 |   1 |   45.0 |
               +--------+--------+--------+--------+--------+-----+--------+

Top non-repeatable levels by time:
     D:4: 1253 daAuts
     D:2: 1053 daAuts
     D:1: 983 daAuts
     D:3: 697 daAuts
     D:5: 156 daAuts
 Ossuary: 45 daAuts
